Workbook

Sheet RESUMEN EJECUCION ABRIL 2020

Sheet ACUMULADO A ABRIL  2020
B1: 2020
B2: Actual
B3: Enero-Abril
B4: RUBRO | C4: REC | D4: DESCRIPCION | E4: APR. VIGENTE | F4: APR BLOQUEADA | G4: CDP | H4: APR. DISPONIBLE | I4: COMPROMISO | J4: OBLIGACION | K4: PAGOS
B5: A-01-01-01 | C5: 10 | D5: SALARIO | E5: 12190000000 | F5: 0 | G5: 3173462123 | H5: 9016537877 | I5: 3173462123 | J5: 3172212737 | K5: 3172212737
B6: A-01-01-02 | C6: 10 | D6: CONTRIBUCIONES INHERENTES A LA NÓMINA | E6: 4261000000 | F6: 0 | G6: 1233717342 | H6: 3027282658 | I6: 1233717342 | J6: 1233717342 | K6: 1233717342
B7: A-01-01-03 | C7: 10 | D7: REMUNERACIONES NO CONSTITUTIVAS DE FACTOR SALARIAL | E7: 1524000000 | F7: 0 | G7: 312806026 | H7: 1211193974 | I7: 312806026 | J7: 312806026 | K7: 312806026
B8: A-02-01 | C8: 10 | D8: ADQUISICIÓN DE ACTIVOS NO FINANCIEROS | E8: 11000000 | F8: 0 | G8: 0 | H8: 11000000 | I8: 0 | J8: 0 | K8: 0
B9: A-02-02 | C9: 10 | D9: ADQUISICIONES DIFERENTES DE ACTIVOS | E9: 4329000000 | F9: 0 | G9: 3.9654002e+09 | H9: 3.6359981e+08 | I9: 3.0463499e+09 | J9: 9.6390545e+08 | K9: 9.6390545e+08
B10: A-03-03-04-048 | C10: 10 | D10: ESCUELA NACIONAL DEL DEPORTE - ART. 51 DECRETO 2845 DE 1984 | E10: 13311842203 | F10: 0 | G10: 4.3828435e+09 | H10: 8.9289987e+09 | I10: 4.3828435e+09 | J10: 4.3828435e+09 | K10: 4.3828435e+09
B11: A-03-04-02-001 | C11: 10 | D11: MESADAS PENSIONALES (DE PENSIONES) | E11: 2807110160 | F11: 0 | G11: 3.9561942e+08 | H11: 2.4114907e+09 | I11: 1.4171568e+08 | J11: 1.1715651e+08 | K11: 1.1715651e+08
B12: A-03-04-02-012 | C12: 10 | D12: INCAPACIDADES Y LICENCIAS DE MATERNIDAD Y PATERNIDAD (NO DE PENSIONES) | E12: 58000000 | F12: 0 | G12: 45463542 | H12: 12536458 | I12: 45463542 | J12: 45463542 | K12: 45463542
B13: A-03-10-01-001 | C13: 10 | D13: SENTENCIAS | E13: 94000000 | F13: 0 | G13: 0 | H13: 94000000 | I13: 0 | J13: 0 | K13: 0
B14: A-08-01 | C14: 10 | D14: IMPUESTOS | E14: 20000000 | F14: 0 | G14: 0 | H14: 20000000 | I14: 0 | J14: 0 | K14: 0
B15: A-08-03 | C15: 10 | D15: TASAS Y DERECHOS ADMINISTRATIVOS | E15: 11000000 | F15: 0 | G15: 0 | H15: 11000000 | I15: 0 | J15: 0 | K15: 0
B16: A-08-04-01 | C16: 11 | D16: CUOTA DE FISCALIZACIÓN Y AUDITAJE | E16: 975000000 | F16: 0 | G16: 6.2971926e+08 | H16: 3.4528074e+08 | I16: 6.2971926e+08 | J16: 6.2971926e+08 | K16: 6.2971926e+08
B17: A-08-05 | C17: 10 | D17: MULTAS, SANCIONES E INTERESES DE MORA | E17: 2000000 | F17: 0 | G17: 0 | H17: 2000000 | I17: 0 | J17: 0 | K17: 0
B18: TOTAL FUNCIONAMIENTO | E18: =SUM(E5:E17) -> 39593952363 | F18: =SUM(F5:F17) -> 0 | G18: =SUM(G5:G17) -> 1.4139031e+10 | H18: =SUM(H5:H17) -> 2.5454921e+10 | I18: =SUM(I5:I17) -> 1.2966077e+10 | J18: =SUM(J5:J17) -> 1.0857824e+10 | K18: =SUM(K5:K17) -> 1.0857824e+10
B19: C-4301-1604-8 | C19: 11 | D19: APOYO A LA EDUCACIÓN FÍSICA EXTRAESCOLAR Y EL DEPORTE FORMATIVO PARA LA INFANCIA, ADOLESCENCIA Y JUVENTUD A NIVEL NACIONAL | E19: 50000000000 | F19: 0 | G19: 29183105015 | H19: 20816894985 | I19: 1631491257 | J19: 184671845 | K19: 184671845
B20: C-4301-1604-9 | C20: 11 | D20: DESARROLLO DE LA ACTIVIDAD FÍSICA Y LOS HÁBITOS Y ESTILOS DE VIDA SALUDABLE A NIVEL NACIONAL | E20: 13000000000 | F20: 0 | G20: 11167317274 | H20: 1832682726 | I20: 2893302770 | J20: 176450139 | K20: 176450139
B21: C-4301-1604-10 | C21: 11 | D21: DESARROLLO DE LA RECREACIÓN A NIVEL NACIONAL | E21: 13000000000 | F21: 515000000 | G21: 11326265600 | H21: 1158734400 | I21: 734601205 | J21: 84351338 | K21: 84351338
B22: C-4301-1604-11 | C22: 11 | D22: DESARROLLO AL DEPORTE SOCIAL COMUNITARIO NACIONAL | E22: 15000000000 | F22: 91000000 | G22: 12754830000 | H22: 2154170000 | I22: 1466180765 | J22: 122845857 | K22: 122845857
B23: C-4301-1604-12 | C23: 11 | D23: DESARROLLO DEL DEPORTE ESCOLAR COMO HERRAMIENTA DE CONVIVENCIA Y PAZ NACIONAL | E23: 15000000000 | F23: 0 | G23: 10877803000 | H23: 4122197000 | I23: 1338445509 | J23: 123067424 | K23: 123067424
B24: C-4302-1604-16 | C24: 10 | D24: APOYO A LA INFRAESTRUCTURA DEPORTIVA, RECREATIVA Y DE LA ACTIVIDAD FÍSICA A NIVEL NACIONAL | E24: 17750000000 | F24: 0 | G24: 1.5944535e+10 | H24: 1.8054655e+09 | I24: 5.2589686e+09 | J24: 1123522836 | K24: 1123522836
B25: C-4302-1604-16 | C25: 11 | D25: APOYO A LA INFRAESTRUCTURA DEPORTIVA, RECREATIVA Y DE LA ACTIVIDAD FÍSICA A NIVEL NACIONAL | E25: 165081157797 | F25: 120655000000 | G25: 34396624055 | H25: 10029533742 | I25: 28296624055 | J25: 0 | K25: 0
B26: C-4302-1604-17 | C26: 11 | D26: APOYO A LA INFRAESTRUCTURA DE ALTA COMPETENCIA A NIVEL NACIONAL | E26: 75290000000 | F26: 25000000000 | G26: 29548688933 | H26: 20741311067 | I26: 28952552365 | J26: 74295027 | K26: 74295027
B27: C-4302-1604-18 | C27: 11 | D27: DESARROLLO DEL SISTEMA PARALÍMPICO PARA EL POSICIONAMIENTO Y LIDERAZGO DEPORTIVO NACIONAL | E27: 25000000000 | F27: 800000000 | G27: 2.1850667e+10 | H27: 2.3493326e+09 | I27: 1.0159434e+10 | J27: 5.5351487e+09 | K27: 5.529004e+09
B28: C-4302-1604-19 | C28: 10 | D28: DESARROLLO AL DEPORTE DEL SISTEMA OLÍMPICO Y CONVENCIONAL PARA EL POSICIONAMIENTO Y LIDERAZGO DEPORTIVO NACIONAL | E28: 112170000000 | F28: 22939000000 | G28: 6.3679312e+10 | H28: 2.5551688e+10 | I28: 16494681806 | J28: 5151174731 | K28: 5149807557
B29: C-4302-1604-19 | C29: 11 | D29: DESARROLLO AL DEPORTE DEL SISTEMA OLÍMPICO Y CONVENCIONAL PARA EL POSICIONAMIENTO Y LIDERAZGO DEPORTIVO NACIONAL | E29: 50000000000 | F29: 0 | G29: 45999999967 | H29: 4000000033 | I29: 34169746600 | J29: 15730433781 | K29: 15724289160
B30: C-4302-1604-20 | C30: 11 | D30: DESARROLLO DE POLÍTICAS PÚBLICAS E INVESTIGACIÓN SECTORIAL A NIVEL NACIONAL | E30: 1100000000 | F30: 0 | G30: 675000000 | H30: 425000000 | I30: 593374185 | J30: 122521298 | K30: 122521298
... B38: C-4399-1604-9 | C38: 11 | D38: APOYO AL FORTALECIMIENTO DEL SECTOR A NIVEL NACIONAL | E38: 7000000000 | F38: 0 | G38: 5202009486 | H38: 1797990514 | I38: 2861676699 | J38: 509081479 | K38: 509081479
B39: TOTAL INVERSION | E39: =SUM(E19:E38) -> 637141157797 | F39: =SUM(F19:F38) -> 170000000000 | G39: =SUM(G19:G38) -> 3.5448959e+11 | H39: =SUM(H19:H38) -> 1.1265157e+11 | I39: =SUM(I19:I38) -> 1.495564e+11 | J39: =SUM(J19:J38) -> 3.4477842e+10 | K39: =SUM(K19:K38) -> 3.4464185e+10
B40: TOTAL PRESUPUESTO | E40: =E18+E39 -> 676735110160 | F40: =F18+F39 -> 170000000000 | G40: =G18+G39 -> 3.6862862e+11 | H40: =H18+H39 -> 1.3810649e+11 | I40: =I18+I39 -> 1.6252248e+11 | J40: =J18+J39 -> 4.5335666e+10 | K40: =K18+K39 -> 4.532201e+10

Sheet ESPECIFICO ABRIL
B1: 2020
B2: Actual
B3: Abril
B4: RUBRO | C4: REC | D4: DESCRIPCION | E4: APR. VIGENTE | F4: APR BLOQUEADA | G4: CDP | H4: APR. DISPONIBLE | I4: COMPROMISO | J4: OBLIGACION | K4: ORDEN PAGO | L4: PAGOS
B5: A-01-01-01 | C5: 10 | D5: SALARIO | E5: 12190000000 | F5: 0 | G5: 833146834 | H5: 11356853166 | I5: 833146834 | J5: 841070131 | K5: 841070131 | L5: 841070131
B6: A-01-01-02 | C6: 10 | D6: CONTRIBUCIONES INHERENTES A LA NÓMINA | E6: 4261000000 | F6: 0 | G6: 336542121 | H6: 3924457879 | I6: 336542121 | J6: 336542121 | K6: 336542121 | L6: 336542121
B7: A-01-01-03 | C7: 10 | D7: REMUNERACIONES NO CONSTITUTIVAS DE FACTOR SALARIAL | E7: 1524000000 | F7: 0 | G7: 73970418 | H7: 1450029582 | I7: 73970418 | J7: 73970418 | K7: 73970418 | L7: 73970418
B8: A-02-01 | C8: 10 | D8: ADQUISICIÓN DE ACTIVOS NO FINANCIEROS | E8: 11000000 | F8: 0 | G8: 0 | H8: 11000000 | I8: 0 | J8: 0 | K8: 0 | L8: 0
B9: A-02-02 | C9: 10 | D9: ADQUISICIONES DIFERENTES DE ACTIVOS | E9: 4329000000 | F9: 0 | G9: 52000000 | H9: 4277000000 | I9: 4.11255e+08 | J9: 3.6973486e+08 | K9: 3.6973486e+08 | L9: 3.6973486e+08
B10: A-03-03-04-048 | C10: 10 | D10: ESCUELA NACIONAL DEL DEPORTE - ART. 51 DECRETO 2845 DE 1984 | E10: 13311842203 | F10: 0 | G10: 1472153709 | H10: 11839688494 | I10: 1472153709 | J10: 1472153709 | K10: 1472153709 | L10: 1472153709
B11: A-03-04-02-001 | C11: 10 | D11: MESADAS PENSIONALES (DE PENSIONES) | E11: 2807110160 | F11: 0 | G11: 0 | H11: 2807110160 | I11: 25390374 | J11: 27846291 | K11: 27846291 | L11: 27846291
B12: A-03-04-02-012 | C12: 10 | D12: INCAPACIDADES Y LICENCIAS DE MATERNIDAD Y PATERNIDAD (NO DE PENSIONES) | E12: 58000000 | F12: 0 | G12: 1976702 | H12: 56023298 | I12: 1976702 | J12: 1976702 | K12: 1976702 | L12: 1976702
B13: A-03-10-01-001 | C13: 10 | D13: SENTENCIAS | E13: 94000000 | F13: 0 | G13: 0 | H13: 94000000 | I13: 0 | J13: 0 | K13: 0 | L13: 0
B14: A-08-01 | C14: 10 | D14: IMPUESTOS | E14: 20000000 | F14: 0 | G14: 0 | H14: 20000000 | I14: 0 | J14: 0 | K14: 0 | L14: 0
B15: A-08-03 | C15: 10 | D15: TASAS Y DERECHOS ADMINISTRATIVOS | E15: 11000000 | F15: 0 | G15: 0 | H15: 11000000 | I15: 0 | J15: 0 | K15: 0 | L15: 0
B16: A-08-04-01 | C16: 11 | D16: CUOTA DE FISCALIZACIÓN Y AUDITAJE | E16: 975000000 | F16: 0 | G16: 0 | H16: 975000000 | I16: 0 | J16: 0 | K16: 0 | L16: 0
B17: A-08-05 | C17: 10 | D17: MULTAS, SANCIONES E INTERESES DE MORA | E17: 2000000 | F17: 0 | G17: 0 | H17: 2000000 | I17: 0 | J17: 0 | K17: 0 | L17: 0
B18: TOTAL FUNCIONAMIENTO | E18: =SUM(E5:E17) -> 39593952363 | F18: =SUM(F5:F17) -> 0 | G18: =SUM(G5:G17) -> 2769789784 | H18: =SUM(H5:H17) -> 36824162579 | I18: =SUM(I5:I17) -> 3.1544352e+09 | J18: =SUM(J5:J17) -> 3.1232942e+09 | K18: =SUM(K5:K17) -> 3.1232942e+09 | L18: =SUM(L5:L17) -> 3.1232942e+09
B19: C-4301-1604-8 | C19: 11 | D19: APOYO A LA EDUCACIÓN FÍSICA EXTRAESCOLAR Y EL DEPORTE FORMATIVO PARA LA INFANCIA, ADOLESCENCIA Y JUVENTUD A NIVEL NACIONAL | E19: 50000000000 | F19: 0 | G19: 222980000 | H19: 49777020000 | I19: 158580103 | J19: 112020217 | K19: 112020217 | L19: 112020217
B20: C-4301-1604-9 | C20: 11 | D20: DESARROLLO DE LA ACTIVIDAD FÍSICA Y LOS HÁBITOS Y ESTILOS DE VIDA SALUDABLE A NIVEL NACIONAL | E20: 13000000000 | F20: 0 | G20: -206213726 | H20: 13206213726 | I20: 1501136350 | J20: 122884238 | K20: 122884238 | L20: 122884238
B21: C-4301-1604-10 | C21: 11 | D21: DESARROLLO DE LA RECREACIÓN A NIVEL NACIONAL | E21: 13000000000 | F21: 515000000 | G21: -930932000 | H21: 13415932000 | I21: 56700000 | J21: 45659018 | K21: 45659018 | L21: 45659018
B22: C-4301-1604-11 | C22: 11 | D22: DESARROLLO AL DEPORTE SOCIAL COMUNITARIO NACIONAL | E22: 15000000000 | F22: 91000000 | G22: 8254730000 | H22: 6654270000 | I22: 603431595 | J22: 70133300 | K22: 70133300 | L22: 70133300
B23: C-4301-1604-12 | C23: 11 | D23: DESARROLLO DEL DEPORTE ESCOLAR COMO HERRAMIENTA DE CONVIVENCIA Y PAZ NACIONAL | E23: 15000000000 | F23: 0 | G23: 1104318000 | H23: 13895682000 | I23: 505029617 | J23: 65639333 | K23: 65639333 | L23: 65639333
B24: C-4302-1604-16 | C24: 10 | D24: APOYO A LA INFRAESTRUCTURA DEPORTIVA, RECREATIVA Y DE LA ACTIVIDAD FÍSICA A NIVEL NACIONAL | E24: 17750000000 | F24: 0 | G24: 6.8930521e+09 | H24: 1.0856948e+10 | I24: 188313692 | J24: 510651943 | K24: 510651943 | L24: 510651943
B25: C-4302-1604-16 | C25: 11 | D25: APOYO A LA INFRAESTRUCTURA DEPORTIVA, RECREATIVA Y DE LA ACTIVIDAD FÍSICA A NIVEL NACIONAL | E25: 165081157797 | F25: 120655000000 | G25: 6100000000 | H25: 38326157797 | I25: 0 | J25: 0 | K25: 0 | L25: 0
B26: C-4302-1604-17 | C26: 11 | D26: APOYO A LA INFRAESTRUCTURA DE ALTA COMPETENCIA A NIVEL NACIONAL | E26: 75290000000 | F26: 25000000000 | G26: 444766067 | H26: 49845233933 | I26: 0 | J26: 36463000 | K26: 36463000 | L26: 36463000
B27: C-4302-1604-18 | C27: 11 | D27: DESARROLLO DEL SISTEMA PARALÍMPICO PARA EL POSICIONAMIENTO Y LIDERAZGO DEPORTIVO NACIONAL | E27: 25000000000 | F27: 800000000 | G27: -4.170751e+08 | H27: 2.4617075e+10 | I27: 5.3570266e+08 | J27: 1.1945373e+09 | K27: 1.1883927e+09 | L27: 1.1883927e+09
B28: C-4302-1604-19 | C28: 10 | D28: DESARROLLO AL DEPORTE DEL SISTEMA OLÍMPICO Y CONVENCIONAL PARA EL POSICIONAMIENTO Y LIDERAZGO DEPORTIVO NACIONAL | E28: 112170000000 | F28: 22939000000 | G28: 5.0746053e+09 | H28: 8.4156395e+10 | I28: 364629018 | J28: 707346980 | K28: 708714154 | L28: 708714154
B29: C-4302-1604-19 | C29: 11 | D29: DESARROLLO AL DEPORTE DEL SISTEMA OLÍMPICO Y CONVENCIONAL PARA EL POSICIONAMIENTO Y LIDERAZGO DEPORTIVO NACIONAL | E29: 50000000000 | F29: 0 | G29: 3999999967 | H29: 46000000033 | I29: 8.4137418e+08 | J29: 4429254668 | K29: 4423110047 | L29: 4423110047
B30: C-4302-1604-20 | C30: 11 | D30: DESARROLLO DE POLÍTICAS PÚBLICAS E INVESTIGACIÓN SECTORIAL A NIVEL NACIONAL | E30: 1100000000 | F30: 0 | G30: -16554544 | H30: 1116554544 | I30: 53045456 | J30: 60954544 | K30: 60954544 | L30: 60954544
... B38: C-4399-1604-9 | C38: 11 | D38: APOYO AL FORTALECIMIENTO DEL SECTOR A NIVEL NACIONAL | E38: 7000000000 | F38: 0 | G38: 1448269093 | H38: 5551730907 | I38: 41633231 | J38: 250854583 | K38: 250854583 | L38: 250854583
B39: TOTAL INVERSIÓN | E39: =SUM(E19:E38) -> 637141157797 | F39: =SUM(F19:F38) -> 170000000000 | G39: =SUM(G19:G38) -> 3.7896185e+10 | H39: =SUM(H19:H38) -> 4.2924497e+11 | I39: =SUM(I19:I38) -> 5697735293 | J39: =SUM(J19:J38) -> 8.4489222e+09 | K39: =SUM(K19:K38) -> 8.4380001e+09 | L39: =SUM(L19:L38) -> 8.4380001e+09
B40: TOTAL PRESUPUESTO | E40: 676735110160 | F40: 170000000000 | G40: 4.0665975e+10 | H40: 4.6606914e+11 | I40: 8.8521705e+09 | J40: 1.1572216e+10 | K40: 1.1561294e+10 | L40: 1.1561294e+10

Sheet ESPECIFICO MARZO 2020
B1: 2020
B2: Actual
B3: Marzo
B4: RUBRO | C4: DESCRIPCION | D4: APR. VIGENTE | E4: APR BLOQUEADA | F4: CDP | G4: APR. DISPONIBLE | H4: COMPROMISO | I4: OBLIGACION | J4: ORDEN PAGO | K4: PAGOS
B5: A-01-01-01 | C5: SALARIO | D5: 12190000000 | E5: 0 | F5: 851563945 | G5: 11338436055 | H5: 851563945 | I5: 842391262 | J5: 842391262 | K5: 842391262
B6: A-01-01-02 | C6: CONTRIBUCIONES INHERENTES A LA NÓMINA | D6: 4261000000 | E6: 0 | F6: 266474700 | G6: 3994525300 | H6: 266474700 | I6: 268124238 | J6: 268124238 | K6: 268124238
B7: A-01-01-03 | C7: REMUNERACIONES NO CONSTITUTIVAS DE FACTOR SALARIAL | D7: 1524000000 | E7: 0 | F7: 93021617 | G7: 1430978383 | H7: 93021617 | I7: 93021617 | J7: 93021617 | K7: 93021617
B8: A-02-01 | C8: ADQUISICIÓN DE ACTIVOS NO FINANCIEROS | D8: 11000000 | E8: 0 | F8: 0 | G8: 11000000 | H8: 0 | I8: 0 | J8: 0 | K8: 0
B9: A-02-02 | C9: ADQUISICIONES DIFERENTES DE ACTIVOS | D9: 4329000000 | E9: 0 | F9: 49867803 | G9: 4279132197 | H9: 1.9743214e+08 | I9: 477494692 | J9: 477494692 | K9: 477494692
B10: A-03-03-04-048 | C10: ESCUELA NACIONAL DEL DEPORTE - ART. 51 DECRETO 2845 DE 1984 | D10: 13311842203 | E10: 0 | F10: 966576436 | G10: 12345265767 | H10: 966576436 | I10: 966576436 | J10: 966576436 | K10: 966576436
B11: A-03-04-02-001 | C11: MESADAS PENSIONALES (DE PENSIONES) | D11: 2807110160 | E11: 0 | F11: 5577273 | G11: 2801532887 | H11: 30967647 | I11: 33423564 | J11: 33423564 | K11: 33423564
B12: A-03-04-02-012 | C12: INCAPACIDADES Y LICENCIAS DE MATERNIDAD Y PATERNIDAD (NO DE PENSIONES) | D12: 58000000 | E12: 0 | F12: 14060543 | G12: 43939457 | H12: 14060543 | I12: 14060543 | J12: 14060543 | K12: 14060543
B13: A-03-10-01-001 | C13: SENTENCIAS | D13: 94000000 | E13: 0 | F13: 0 | G13: 94000000 | H13: 0 | I13: 0 | J13: 0 | K13: 0
B14: A-08-01 | C14: IMPUESTOS | D14: 20000000 | E14: 0 | F14: 0 | G14: 20000000 | H14: 0 | I14: 0 | J14: 0 | K14: 0
B15: A-08-03 | C15: TASAS Y DERECHOS ADMINISTRATIVOS | D15: 11000000 | E15: 0 | F15: 0 | G15: 11000000 | H15: 0 | I15: 0 | J15: 0 | K15: 0
B16: A-08-04-01 | C16: CUOTA DE FISCALIZACIÓN Y AUDITAJE | D16: 975000000 | E16: 0 | F16: 579572.42 | G16: 9.7442043e+08 | H16: 579572.42 | I16: 4970272.6 | J16: 4970272.6 | K16: 4970272.6
... B37: C-4399-1604-9 | C37: APOYO AL FORTALECIMIENTO DEL SECTOR A NIVEL NACIONAL | D37: 7000000000 | E37: 0 | F37: 125746200 | G37: 6874253800 | H37: 317787146 | I37: 194486906 | J37: 194486906 | K37: 194486906
D38: =SUM(D5:D37) -> 506735110160 | E38: =SUM(E5:E37) -> 170000000000 | F38: =SUM(F5:F37) -> 7.2716805e+10 | G38: =SUM(G5:G37) -> 4.3401831e+11 | H38: =SUM(H5:H37) -> 2.6905123e+10 | I38: =SUM(I5:I37) -> 2.3320377e+10 | J38: =SUM(J5:J37) -> 2.3317643e+10 | K38: =SUM(K5:K37) -> 2.3317643e+10

Sheet ESPECIFICO FEBRERO 2020
B1: 2020
B2: Actual
B3: Febrero
B4: RUBRO | C4: DESCRIPCION | D4: APR. VIGENTE | E4: CDP | F4: APR. DISPONIBLE | G4: COMPROMISO | H4: OBLIGACION | I4: ORDEN PAGO | J4: PAGOS
B5: A-01-01-01 | C5: SALARIO | D5: 12190000000 | E5: 793771648 | F5: 11396228352 | G5: 793771648 | H5: 793771648 | I5: 793771648 | J5: 793771648
B6: A-01-01-02 | C6: CONTRIBUCIONES INHERENTES A LA NÓMINA | D6: 4261000000 | E6: 315516862 | F6: 3945483138 | G6: 315516862 | H6: 386731883 | I6: 386731883 | J6: 386731883
B7: A-01-01-03 | C7: REMUNERACIONES NO CONSTITUTIVAS DE FACTOR SALARIAL | D7: 1524000000 | E7: 91227868 | F7: 1432772132 | G7: 91227868 | H7: 91227868 | I7: 91227868 | J7: 91227868
B8: A-02-01 | C8: ADQUISICIÓN DE ACTIVOS NO FINANCIEROS | D8: 11000000 | E8: 0 | F8: 11000000 | G8: 0 | H8: 0 | I8: 0 | J8: 0
B9: A-02-02 | C9: ADQUISICIONES DIFERENTES DE ACTIVOS | D9: 4329000000 | E9: 125845803 | F9: 4203154197 | G9: 1163536212 | H9: 69844467 | I9: 69844467 | J9: 69844467
B10: A-03-03-04-048 | C10: ESCUELA NACIONAL DEL DEPORTE - ART. 51 DECRETO 2845 DE 1984 | D10: 13311842203 | E10: 9.7195964e+08 | F10: 1.2339883e+10 | G10: 9.7195964e+08 | H10: 9.7195964e+08 | I10: 9.7195964e+08 | J10: 9.7195964e+08
B11: A-03-04-02-001 | C11: MESADAS PENSIONALES (DE PENSIONES) | D11: 2807110160 | E11: 194068.98 | F11: 2.8069161e+09 | G11: 25584443 | H11: 28040360 | I11: 28040360 | J11: 28040360
B12: A-03-04-02-012 | C12: INCAPACIDADES Y LICENCIAS DE MATERNIDAD Y PATERNIDAD (NO DE PENSIONES) | D12: 58000000 | E12: 15739423 | F12: 42260577 | G12: 15739423 | H12: 15739423 | I12: 15739423 | J12: 15739423
B13: A-03-10-01-001 | C13: SENTENCIAS | D13: 94000000 | E13: 0 | F13: 94000000 | G13: 0 | H13: 0 | I13: 0 | J13: 0
B14: A-08-01 | C14: IMPUESTOS | D14: 20000000 | E14: 0 | F14: 20000000 | G14: 0 | H14: 0 | I14: 0 | J14: 0
B15: A-08-03 | C15: TASAS Y DERECHOS ADMINISTRATIVOS | D15: 11000000 | E15: 0 | F15: 11000000 | G15: 0 | H15: 0 | I15: 0 | J15: 0
B16: A-08-04-01 | C16: CUOTA DE FISCALIZACIÓN Y AUDITAJE | D16: 975000000 | E16: 4390700.1 | F16: 9.706093e+08 | G16: 4390700.1 | H16: 624748985 | I16: 624748985 | J16: 624748985
... B37: C-4399-1604-9 | C37: APOYO AL FORTALECIMIENTO DEL SECTOR A NIVEL NACIONAL | D37: 7000000000 | E37: 964013593 | F37: 6035986407 | G37: 1043332090 | H37: 63739990 | I37: 63739990 | J37: 63739990
D38: 676735110160 | E38: 1.6239804e+11 | F38: 3.9433707e+11 | G38: 5.2780589e+10 | H38: 8390669273 | I38: 8390669273 | J38: 8390669273

Sheet ESPECIFICO ENERO 2020
B1: 2020
B2: Actual
B3: Enero-Enero
B4: RUBRO | C4: REC | D4: SIT | E4: DESCRIPCION | F4: APR. VIGENTE | G4: CDP | H4: APR. DISPONIBLE | I4: COMPROMISO | J4: OBLIGACION | K4: ORDEN PAGO | L4: PAGOS
B5: A-01-01-01 | C5: 10 | D5: CSF | E5: SALARIO | F5: 12190000000 | G5: 694979696 | H5: 11495020304 | I5: 694979696 | J5: 694979696 | K5: 694979696 | L5: 694979696
B6: A-01-01-02 | C6: 10 | D6: CSF | E6: CONTRIBUCIONES INHERENTES A LA NÓMINA | F6: 4261000000 | G6: 315183659 | H6: 3945816341 | I6: 315183659 | J6: 242319100 | K6: 242319100 | L6: 242319100
B7: A-01-01-03 | C7: 10 | D7: CSF | E7: REMUNERACIONES NO CONSTITUTIVAS DE FACTOR SALARIAL | F7: 1524000000 | G7: 54586123 | H7: 1469413877 | I7: 54586123 | J7: 54586123 | K7: 54586123 | L7: 54586123
B8: A-02-01 | C8: 10 | D8: CSF | E8: ADQUISICIÓN DE ACTIVOS NO FINANCIEROS | F8: 11000000 | G8: 0 | H8: 11000000 | I8: 0 | J8: 0 | K8: 0 | L8: 0
B9: A-02-02 | C9: 10 | D9: CSF | E9: ADQUISICIONES DIFERENTES DE ACTIVOS | F9: 4329000000 | G9: 3.7376866e+09 | H9: 5.9131342e+08 | I9: 1.2741265e+09 | J9: 46831432 | K9: 46831432 | L9: 46831432
B10: A-03-03-04-048 | C10: 10 | D10: CSF | E10: ESCUELA NACIONAL DEL DEPORTE - ART. 51 DECRETO 2845 DE 1984 | F10: 13311842203 | G10: 972153709 | H10: 12339688494 | I10: 972153709 | J10: 972153709 | K10: 972153709 | L10: 972153709
B11: A-03-04-02-001 | C11: 10 | D11: CSF | E11: MESADAS PENSIONALES (DE PENSIONES) | F11: 2807110160 | G11: 389848074 | H11: 2417262086 | I11: 59773212 | J11: 27846291 | K11: 27846291 | L11: 27846291
B12: A-03-04-02-012 | C12: 10 | D12: CSF | E12: INCAPACIDADES Y LICENCIAS DE MATERNIDAD Y PATERNIDAD (NO DE PENSIONES) | F12: 58000000 | G12: 13686874 | H12: 44313126 | I12: 13686874 | J12: 13686874 | K12: 13686874 | L12: 13686874
B13: A-03-10-01-001 | C13: 10 | D13: CSF | E13: SENTENCIAS | F13: 94000000 | G13: 0 | H13: 94000000 | I13: 0 | J13: 0 | K13: 0 | L13: 0
B14: A-08-01 | C14: 10 | D14: CSF | E14: IMPUESTOS | F14: 20000000 | G14: 0 | H14: 20000000 | I14: 0 | J14: 0 | K14: 0 | L14: 0
B15: A-08-03 | C15: 10 | D15: CSF | E15: TASAS Y DERECHOS ADMINISTRATIVOS | F15: 11000000 | G15: 0 | H15: 11000000 | I15: 0 | J15: 0 | K15: 0 | L15: 0
B16: A-08-04-01 | C16: 11 | D16: SSF | E16: CUOTA DE FISCALIZACIÓN Y AUDITAJE | F16: 975000000 | G16: 624748985 | H16: 350251015 | I16: 624748985 | J16: 0 | K16: 0 | L16: 0
... B37: C-4399-1604-9 | C37: 11 | D37: CSF | E37: APOYO AL FORTALECIMIENTO DEL SECTOR A NIVEL NACIONAL | F37: 7000000000 | G37: 2663980600 | H37: 4336019400 | I37: 1458924232 | J37: 0 | K37: 0 | L37: 0
F38: 676735110160 | G38: 9.2847802e+10 | H38: 5.8388731e+11 | I38: 7.3984595e+10 | J38: 2.0524032e+09 | K38: 2.0524032e+09 | L38: 2.0524032e+09

Sheet Hoja6
B3: Enero-Marzo
B4: RUBRO | C4: REC | D4: DESCRIPCION | E4: APR. VIGENTE | F4: COMPROMISO | G4: OBLIGACION | H4: PAGOS
B5: A-02-01 | C5: 10 | D5: ADQUISICIÓN DE BIENES Y SERVICIOS | E5: =SUM('ACUMULADO A ABRIL 2020'!E8:E9)/1000000 -> 4340 | F5: =SUM('ACUMULADO A ABRIL 2020'!I8:I9)/1000000 -> 3046.3499 | G5: =SUM('ACUMULADO A ABRIL 2020'!J8:J9)/1000000 -> 963.90545 | H5: =SUM('ACUMULADO A ABRIL 2020'!K8:K9)/1000000 -> 963.90545
B6: A-03-03- | C6: 10 | D6: TRANSFERENCIAS CORRIENTES | E6: =SUM('ACUMULADO A ABRIL 2020'!E10:E17)/1000000 -> 17278.952 | F6: =SUM('ACUMULADO A ABRIL 2020'!I10:I17)/1000000 -> 5199.742 | G6: =SUM('ACUMULADO A ABRIL 2020'!J10:J17)/1000000 -> 5175.1828 | H6: =SUM('ACUMULADO A ABRIL 2020'!K10:K17)/1000000 -> 5175.1828
B7: A-01-01- | C7: 10 | D7: SALARIOS Y CONTRIBUCIONES DE LA NOMINA | E7: =SUM('ACUMULADO A ABRIL 2020'!E5:E7)/1000000 -> 17975 | F7: =SUM('ACUMULADO A ABRIL 2020'!I5:I7)/1000000 -> 4719.9855 | G7: =SUM('ACUMULADO A ABRIL 2020'!J5:J7)/1000000 -> 4718.7361 | H7: =SUM('ACUMULADO A ABRIL 2020'!K5:K7)/1000000 -> 4718.7361

Sheet Hoja7
B1: 2020
B2: Actual
B3: Enero-Marzo
B4: RUBRO | C4: DESCRIPCION | D4: APR. VIGENTE | E4: COMPROMISO | F4: OBLIGACION | G4: PAGOS
B5: C-4301-1604-8 | C5: APOYO A LA EDUCACIÓN FÍSICA EXTRAESCOLAR Y EL DEPORTE FORMATIVO PARA LA INFANCIA, ADOLESCENCIA Y JUVENTUD A NIVEL NACIONAL | D5: 50000000000 | E5: =+'ACUMULADO A ABRIL 2020'!I19 -> 1631491257 | F5: 72651628 | G5: 72651628
B6: C-4301-1604-9 | C6: DESARROLLO DE LA ACTIVIDAD FÍSICA Y LOS HÁBITOS Y ESTILOS DE VIDA SALUDABLE A NIVEL NACIONAL | D6: 13000000000 | E6: =+'ACUMULADO A ABRIL 2020'!I20 -> 2893302770 | F6: 53565901 | G6: 53565901
B7: C-4301-1604-10 | C7: DESARROLLO DE LA RECREACIÓN A NIVEL NACIONAL | D7: 12485000000 | E7: =+'ACUMULADO A ABRIL 2020'!I21 -> 734601205 | F7: 38692320 | G7: 38692320
B8: C-4301-1604-11 | C8: DESARROLLO AL DEPORTE SOCIAL COMUNITARIO NACIONAL | D8: 14909000000 | E8: =+'ACUMULADO A ABRIL 2020'!I22 -> 1466180765 | F8: 52712557 | G8: 52712557
B9: C-4301-1604-12 | C9: DESARROLLO DEL DEPORTE ESCOLAR COMO HERRAMIENTA DE CONVIVENCIA Y PAZ NACIONAL | D9: 15000000000 | E9: =+'ACUMULADO A ABRIL 2020'!I23 -> 1338445509 | F9: 57428091 | G9: 57428091
B10: C-4302-1604-16 | C10: APOYO A LA INFRAESTRUCTURA DEPORTIVA, RECREATIVA Y DE LA ACTIVIDAD FÍSICA A NIVEL NACIONAL | D10: 62176157797 | E10: =SUM('ACUMULADO A ABRIL 2020'!I24+'ACUMULADO A ABRIL 2020'!I25) -> 3.3555593e+10 | F10: 612870893 | G10: 612870893
B11: C-4302-1604-17 | C11: APOYO A LA INFRAESTRUCTURA DE ALTA COMPETENCIA A NIVEL NACIONAL | D11: 50290000000 | E11: =+'ACUMULADO A ABRIL 2020'!I26 -> 28952552365 | F11: 37832027 | G11: 37832027
B12: C-4302-1604-18 | C12: DESARROLLO DEL SISTEMA PARALÍMPICO PARA EL POSICIONAMIENTO Y LIDERAZGO DEPORTIVO NACIONAL | D12: 24200000000 | E12: =+'ACUMULADO A ABRIL 2020'!I27 -> 1.0159434e+10 | F12: 4340611312 | G12: 4340611312
B13: C-4302-1604-19 | C13: DESARROLLO AL DEPORTE DEL SISTEMA OLÍMPICO Y CONVENCIONAL PARA EL POSICIONAMIENTO Y LIDERAZGO DEPORTIVO NACIONAL | D13: 139231000000 | E13: =+'ACUMULADO A ABRIL 2020'!I28+'ACUMULADO A ABRIL 2020'!I29 -> 50664428406 | F13: 15745006864 | G13: 15742272516
B14: C-4302-1604-20 | C14: DESARROLLO DE POLÍTICAS PÚBLICAS E INVESTIGACIÓN SECTORIAL A NIVEL NACIONAL | D14: 1100000000 | E14: =+'ACUMULADO A ABRIL 2020'!I30 -> 593374185 | F14: 61566754 | G14: 61566754
B15: C-4302-1604-21 | C15: ASISTENCIA A LA COOPERACIÓN INTERNACIONAL DEL SECTOR A NIVEL NACIONAL | D15: 1000000000 | E15: =+'ACUMULADO A ABRIL 2020'!I31 -> 259500000 | F15: 6500000 | G15: 6500000
B16: C-4302-1604-22 | C16: APOYO A LA ORGANIZACIÓN DE EVENTOS DEPORTIVOS PARA LA PREPARACIÓN DE ATLETAS Y LA PROMOCIÓN DEL DEPORTE NACIONAL | D16: 53000000000 | E16: =+'ACUMULADO A ABRIL 2020'!I32 -> 5596235360 | F16: 4070175863 | G16: 4070175863
B17: C-4302-1604-23 | C17: APOYO A LA INSPECCIÓN, VIGILANCIA Y CONTROL A NIVEL NACIONAL | D17: 3750000000 | E17: =+'ACUMULADO A ABRIL 2020'!I33 -> 2780479247 | F17: 149186408 | G17: 149186408
B18: C-4302-1604-24 | C18: APOYO AL PROGRAMA AL CONTROL DOPAJE NACIONAL | D18: 3000000000 | E18: =+'ACUMULADO A ABRIL 2020'!I34 -> 345104000 | F18: 150000000 | G18: 150000000
B19: C-4302-1604-25 | C19: DESARROLLO AL LABORATORIO DEL CONTROL AL DOPAJE NACIONAL | D19: 5000000000 | E19: =+'ACUMULADO A ABRIL 2020'!I35 -> 1526751181 | F19: 93069897 | G19: 93069897
B20: C-4399-1604-7 | C20: IMPLEMENTACIÓN DE LAS TECNOLOGÍAS DE LA INFORMACIÓN Y COMUNICACIÓN PARA EL SISTEMA NACIONAL DEL DEPORTE A NIVEL NACIONAL | D20: 4000000000 | E20: =+'ACUMULADO A ABRIL 2020'!I36 -> 1.1171303e+09 | F20: 94251223 | G20: 94251223
B21: C-4399-1604-8 | C21: MEJORAMIENTO SEDES COLDEPORTES BOGOTÁ | D21: 8000000000 | E21: =+'ACUMULADO A ABRIL 2020'!I37 -> 3.0801193e+09 | F21: 134570783 | G21: 134570783
B22: C-4399-1604-9 | C22: APOYO AL FORTALECIMIENTO DEL SECTOR A NIVEL NACIONAL | D22: 7000000000 | E22: =+'ACUMULADO A ABRIL 2020'!I38 -> 2861676699 | F22: 258226896 | G22: 258226896
D23: =SUM(D5:D22) -> 467141157797 | E23: =SUM(E5:E22) -> 1.495564e+11 | F23: =SUM(F5:F22) -> 2.6028919e+10 | G23: =SUM(G5:G22) -> 2.6026185e+10
D24: =+D23-#REF! -> #REF!
B26: RUBRO | C26: DESCRIPCION | D26: APR. VIGENTE | E26: COMPROMISO | F26: OBLIGACION | G26: PAGOS
B27: C-4301-1604-8 | C27: APOYO A LA EDUCACIÓN FÍSICA EXTRAESCOLAR Y EL DEPORTE FORMATIVO PARA LA INFANCIA, ADOLESCENCIA Y JUVENTUD A NIVEL NACIONAL | D27: =+D5/1000000 -> 50000 | E27: =+E5/1000000 -> 1631.4913 | F27: =+F5/1000000 -> 72.651628 | G27: =+G5/1000000 -> 72.651628
B28: C-4301-1604-9 | C28: DESARROLLO DE LA ACTIVIDAD FÍSICA Y LOS HÁBITOS Y ESTILOS DE VIDA SALUDABLE A NIVEL NACIONAL | D28: =+D6/1000000 -> 13000 | E28: =+E6/1000000 -> 2893.3028 | F28: =+F6/1000000 -> 53.565901 | G28: =+G6/1000000 -> 53.565901
B29: C-4301-1604-10 | C29: DESARROLLO DE LA RECREACIÓN A NIVEL NACIONAL | D29: =+D7/1000000 -> 12485 | E29: =+E7/1000000 -> 734.60121 | F29: =+F7/1000000 -> 38.69232 | G29: =+G7/1000000 -> 38.69232
B30: C-4301-1604-11 | C30: DESARROLLO AL DEPORTE SOCIAL COMUNITARIO NACIONAL | D30: =+D8/1000000 -> 14909 | E30: =+E8/1000000 -> 1466.1808 | F30: =+F8/1000000 -> 52.712557 | G30: =+G8/1000000 -> 52.712557
B31: C-4301-1604-12 | C31: DESARROLLO DEL DEPORTE ESCOLAR COMO HERRAMIENTA DE CONVIVENCIA Y PAZ NACIONAL | D31: =+D9/1000000 -> 15000 | E31: =+E9/1000000 -> 1338.4455 | F31: =+F9/1000000 -> 57.428091 | G31: =+G9/1000000 -> 57.428091
B32: C-4302-1604-16 | C32: APOYO A LA INFRAESTRUCTURA DEPORTIVA, RECREATIVA Y DE LA ACTIVIDAD FÍSICA A NIVEL NACIONAL | D32: =+D10/1000000 -> 62176.158 | E32: =+E10/1000000 -> 33555.593 | F32: =+F10/1000000 -> 612.87089 | G32: =+G10/1000000 -> 612.87089
B33: C-4302-1604-17 | C33: APOYO A LA INFRAESTRUCTURA DE ALTA COMPETENCIA A NIVEL NACIONAL | D33: =+D11/1000000 -> 50290 | E33: =+E11/1000000 -> 28952.552 | F33: =+F11/1000000 -> 37.832027 | G33: =+G11/1000000 -> 37.832027
B34: C-4302-1604-18 | C34: DESARROLLO DEL SISTEMA PARALÍMPICO PARA EL POSICIONAMIENTO Y LIDERAZGO DEPORTIVO NACIONAL | D34: =+D12/1000000 -> 24200 | E34: =+E12/1000000 -> 10159.434 | F34: =+F12/1000000 -> 4340.6113 | G34: =+G12/1000000 -> 4340.6113
B35: C-4302-1604-19 | C35: DESARROLLO AL DEPORTE DEL SISTEMA OLÍMPICO Y CONVENCIONAL PARA EL POSICIONAMIENTO Y LIDERAZGO DEPORTIVO NACIONAL | D35: =+D13/1000000 -> 139231 | E35: =+E13/1000000 -> 50664.428 | F35: =+F13/1000000 -> 15745.007 | G35: =+G13/1000000 -> 15742.273
B36: C-4302-1604-20 | C36: DESARROLLO DE POLÍTICAS PÚBLICAS E INVESTIGACIÓN SECTORIAL A NIVEL NACIONAL | D36: =+D14/1000000 -> 1100 | E36: =+E14/1000000 -> 593.37419 | F36: =+F14/1000000 -> 61.566754 | G36: =+G14/1000000 -> 61.566754
B37: C-4302-1604-21 | C37: ASISTENCIA A LA COOPERACIÓN INTERNACIONAL DEL SECTOR A NIVEL NACIONAL | D37: =+D15/1000000 -> 1000 | E37: =+E15/1000000 -> 259.5 | F37: =+F15/1000000 -> 6.5 | G37: =+G15/1000000 -> 6.5
B38: C-4302-1604-22 | C38: APOYO A LA ORGANIZACIÓN DE EVENTOS DEPORTIVOS PARA LA PREPARACIÓN DE ATLETAS Y LA PROMOCIÓN DEL DEPORTE NACIONAL | D38: =+D16/1000000 -> 53000 | E38: =+E16/1000000 -> 5596.2354 | F38: =+F16/1000000 -> 4070.1759 | G38: =+G16/1000000 -> 4070.1759
... B44: C-4399-1604-9 | C44: APOYO AL FORTALECIMIENTO DEL SECTOR A NIVEL NACIONAL | D44: =+D22/1000000 -> 7000 | E44: =+E22/1000000 -> 2861.6767 | F44: =+F22/1000000 -> 258.2269 | G44: =+G22/1000000 -> 258.2269

Sheet Hoja8
B1: 2020
B2: Actual
B3: Enero-Marzo
B4: RUBRO | C4: DESCRIPCION | D4: APR. INICIAL | E4: APR. VIGENTE | F4: APR BLOQUEADA | G4: CDP | H4: APR. DISPONIBLE | I4: COMPROMISO | J4: OBLIGACION | K4: ORDEN PAGO | L4: PAGOS
B5: C | C5: INVERSION | D5: =SUM(D6:D8) -> 637141157797 | E5: =SUM(E6:E8) -> 467141157797 | F5: =SUM(F6:F8) -> 170000000000 | G5: =SUM(G6:G8) -> 3.1659341e+11 | H5: =SUM(H6:H8) -> 1.5054775e+11 | I5: =SUM(I6:I8) -> 1.4385866e+11 | J5: =SUM(J6:J8) -> 2.6028919e+10 | K5: =SUM(K6:K8) -> 2.6026185e+10 | L5: =SUM(L6:L8) -> 2.6026185e+10
B6: C-4301 | C6: FOMENTO A LA RECREACIÓN, LA ACTIVIDAD FÍSICA Y EL DEPORTE PARA DESARROLLAR ENTORNOS DE CONVIVENCIA Y PAZ | D6: 106000000000 | E6: =106000000000-F6 -> 105394000000 | F6: 606000000 | G6: 66864438615 | H6: 38529561385 | I6: 5239143841 | J6: 275050497 | K6: 275050497 | L6: 275050497
B7: C-4302 | C7: FORMACIÓN Y PREPARACIÓN DE DEPORTISTAS | D7: 512141157797 | E7: =512141157797-F7 -> 342747157797 | F7: 169394000000 | G7: 2.4006406e+11 | H7: 1.026831e+11 | I7: 1.322804e+11 | J7: 25266820018 | K7: 25264085670 | L7: 25264085670
B8: C-4399 | C8: FORTALECIMIENTO DE LA GESTIÓN Y DIRECCIÓN DEL SECTOR DEPORTE Y RECREACIÓN | D8: 19000000000 | E8: 19000000000 | F8: 0 | G8: 9.6649126e+09 | H8: 9.3350874e+09 | I8: 6.3391247e+09 | J8: 4.870489e+08 | K8: 4.870489e+08 | L8: 4.870489e+08
B10: A | C10: FUNCIONAMIENTO | D10: 39593952363 | E10: 39593952363 | F10: 0 | G10: 1.1369242e+10 | H10: 2.8224711e+10 | I10: 9.8116422e+09 | J10: 7.7345301e+09 | K10: 7.7345301e+09 | L10: 7.7345301e+09
B11: C | C11: INVERSION | D11: 637141157797 | E11: 637141157797 | F11: 170000000000 | G11: 3.1659341e+11 | H11: 1.5054775e+11 | I11: 1.4385866e+11 | J11: 2.6028919e+10 | K11: 2.6026185e+10 | L11: 2.6026185e+10
D13: 676735110160 | E13: 676735110160 | F13: 170000000000 | G13: 3.2796265e+11 | H13: 1.7877246e+11 | I13: 1.5367031e+11 | J13: 3.376345e+10 | K13: 3.3760715e+10 | L13: 3.3760715e+10
C15: FUNCIONAMIENTO | D15: =+'ACUMULADO A ABRIL 2020'!E18/1000 -> 39593952
C16: INVERSION | D16: =(+'ACUMULADO A ABRIL 2020'!E39-'ACUMULADO A ABRIL 2020'!F39)/1000 -> 4.6714116e+08
C17: APROPIACION BLOQUEADA | D17: =+'ACUMULADO A ABRIL 2020'!F39/1000 -> 170000000

Sheet Hoja9
B3: RUBRO | C3: DESCRIPCION | D3: APR. VIGENTE | E3: COMPROMISO | F3: OBLIGACION | G3: PAGOS
B4: C-4301 | C4: FOMENTO A LA RECREACIÓN, LA ACTIVIDAD FÍSICA Y EL DEPORTE PARA DESARROLLAR ENTORNOS DE CONVIVENCIA Y PAZ | D4: =105394000000/1000000 -> 105394 | E4: =SUM('ACUMULADO A ABRIL 2020'!I19:I23)/1000000 -> 8064.0215 | F4: =SUM('ACUMULADO A ABRIL 2020'!J19:J23)/1000000 -> 691.3866 | G4: =SUM('ACUMULADO A ABRIL 2020'!K19:K23)/1000000 -> 691.3866
B5: C-4302 | C5: FORMACIÓN Y PREPARACIÓN DE DEPORTISTAS | D5: =230281000000/1000000 -> 230281 | E5: =SUM('ACUMULADO A ABRIL 2020'!I27:I35)/1000000 -> 71925.306 | F5: =SUM('ACUMULADO A ABRIL 2020'!J27:J35)/1000000 -> 31514.818 | G5: =SUM('ACUMULADO A ABRIL 2020'!K27:K35)/1000000 -> 31501.161 | H5: =+F5-G5 -> 13.656416
B6: C-4302 | C6: INFRAESTRUCTURA | D6: =112466157797/1000000 -> 112466.16 | E6: =SUM('ACUMULADO A ABRIL 2020'!I24:I26)/1000000 -> 62508.145 | F6: =SUM('ACUMULADO A ABRIL 2020'!J24:J26)/1000000 -> 1197.8179 | G6: =SUM('ACUMULADO A ABRIL 2020'!K24:K26)/1000000 -> 1197.8179
B7: C-4399 | C7: FORTALECIMIENTO DE LA GESTIÓN Y DIRECCIÓN DEL SECTOR DEPORTE Y RECREACIÓN | D7: =19000000000/1000000 -> 19000 | E7: =SUM('ACUMULADO A ABRIL 2020'!I36:I38)/1000000 -> 7058.9263 | F7: =SUM('ACUMULADO A ABRIL 2020'!J36:J38)/1000000 -> 1073.8194 | G7: =SUM('ACUMULADO A ABRIL 2020'!K36:K38)/1000000 -> 1073.8194
